 Dungeon Crawl Stone Soup version 0.26-a0-491-g70697cc071 (webtiles) character file.

Game seed: 11715443513708438027

686 sking75 the Sneak (level 7, 0/50 HPs)
             Began as a Vampire Enchanter on Aug 5, 2020.
             Was a Believer of Dithmenos.
             Slain by a white imp (2 damage)
             ... on level 5 of the Dungeon.
             The game lasted 00:13:08 (4834 turns).

sking75 the Sneak (Vampire Enchanter)               Turns: 4834, Time: 00:13:08

Health: 0/50       AC:  3    Str:  8    XL:     7   Next: 35%
Magic:  0/10       EV: 13    Int: 19    God:    Dithmenos [**....]
Gold:   218        SH:  0    Dex: 14    Spells: 5/10 levels left

rFire    . . .     SeeInvis +   a - +1 dagger
rCold    . . .     Faith    .   (no shield)
rNeg     . . .     Spirit   .   b - +0 robe
rPois    .         Reflect  .   o - +0 helmet
rElec    .         Harm     .   (no cloak)
rCorr    .                      (no gloves)
MR       .....                  (no boots)
Stlth    ++++......             i - amulet of the acrobat
HPRegen  0.36/turn              (no ring)
MPRegen  0.12/turn              (no ring)

@: confusing touch, regenerating quickly, wreathed by umbra
A: fangs 3, see invisible, unbreathing
a: Exsanguinate, Shadow Step, Renounce Religion


You were on level 5 of the Dungeon.
You worshipped Dithmenos.
Dithmenos was pleased with you.
You visited 1 branch of the dungeon, and saw 5 of its levels.

You collected 218 gold pieces.

Inventory:

Hand Weapons
 a - a +1 dagger (weapon)
Armour
 b - a +0 robe (worn)
 o - a +0 helmet (worn)
Jewellery
 i - an amulet of the acrobat (around neck)
Scrolls
 c - a scroll of identify
 d - 3 scrolls of blinking
 g - a scroll of magic mapping {unknown}
 h - a scroll of noise {unknown}
 k - a scroll of amnesia
Potions
 e - a potion of flight
 f - 5 potions of curing
 j - a potion of degeneration {unknown}
 l - a potion of lignification {unknown}
 m - a potion of resistance {unknown}
 n - a potion of haste {unknown}


   Skills:
 + Level 2.2 Fighting
 * Level 5.4 Short Blades
 - Level 3.1 Dodging
 + Level 7.0 Stealth
 - Level 2.2 Spellcasting
 + Level 6.7 Hexes
 - Level 1.0 Ice Magic


You had 5 spell levels left.
You knew the following spells:

 Your Spells              Type           Power        Failure   Level
b - Ensorcelled Hibernat  Hex/Ice        ###...       4%          2
c - Confusing Touch       Hex            ####....     3%          3

Your spell library contained the following spells:

 Spells                   Type           Power        Failure   Level
 Corona                   Hex            ####...      1%          1
 Tukima's Dance           Hex            ####....     3%          3
 Dazzling Flash           Conj/Hex       ##....       12%         3


Dungeon Overview and Level Annotations

Branches:
Dungeon (5/15)             Temple (0/1) D:4

Altars:
Dithmenos
Gozag
Makhleb
Wu Jian
Xom
The Shining One


Innate Abilities, Weirdness & Mutations

Your natural rate of healing is unusually fast.
You have razor-sharp teeth.
You have supernaturally acute eyesight. (SInv)
You can survive without breathing.


Message History

* * * LOW HITPOINT WARNING * * *
You hit the white imp but do no damage.
The white imp is heavily wounded.
The white imp hits you.
* * * LOW HITPOINT WARNING * * *
The white imp freezes you.
* * * LOW HITPOINT WARNING * * *
You barely miss the white imp.
The white imp is heavily wounded.
The white imp gestures at you. The puff of frost hits you.
* * * LOW HITPOINT WARNING * * *
You hit the white imp but do no damage.
The white imp is heavily wounded.
You hit the white imp but do no damage.
The white imp is heavily wounded.
The white imp hits you.
* * * LOW HITPOINT WARNING * * *
The white imp freezes you.
You die...

... #..###.. .... ...#
#..#..# #....
...##.....##.....
................# #
#.........# .###.#
##..._...####......
#..##.........##......
........5.............
....##.@...##..)#### ..
#..#..###..####.#
#†.###..##..'....#
....###......########
.$.....#...............
.............############
.............
.............
.............


You could see a white imp.

Vanquished Creatures
  Menkaure (D:4)
  A scorpion (D:5)
  2 howler monkeys
  A centaur zombie (D:5)
  3 orc priests
  A hound (D:5)
  A jelly (D:4)
  An orc wizard (D:4)
  An iguana (D:2)
  A worker ant (D:5)
  Robin (D:3)
  4 adders
  A howler monkey skeleton (D:4)
  A shadow imp (D:5)
  4 worms
  3 dart slugs
  3 leopard geckos
  13 orcs
  6 giant cockroaches
  11 hobgoblins
  7 kobolds
  2 quokkas (D:2)
  A ball python (D:2)
  4 bats
  3 frilled lizards
  14 goblins
  A leopard gecko skeleton (D:4)
  4 rats
96 creatures vanquished.

Notes
Turn   | Place    | Note
-------+----------+-------------------------------------------
     0 | D:1      | sking75 the Vampire Enchanter began the quest for the Orb.
     0 | D:1      | Reached XP level 1. HP: 13/13 MP: 3/3
   744 | D:1      | Reached XP level 2. HP: 17/17 MP: 5/5
  1086 | D:2      | Learned a level 2 spell: Ensorcelled Hibernation
  1157 | D:2      | Reached XP level 3. HP: 21/21 MP: 3/6
  1224 | D:2      | Found a shimmering altar of Xom.
  1233 | D:2      | Found a shimmering altar of Xom.
  1233 | D:2      | Found a shimmering altar of Xom.
  1353 | D:2      | Found a shimmering altar of Xom.
  1781 | D:2      | Reached skill level 5 in Stealth
  1781 | D:2      | Reached skill level 1 in Ice Magic
  1850 | D:2      | Reached XP level 4. HP: 27/27 MP: 7/7
  2185 | D:3      | Found an opulent altar of Gozag.
  2187 | D:3      | Found a shadowy altar of Dithmenos.
  2225 | D:3      | Became a worshipper of Dithmenos the Shadowed
  2300 | D:3      | Reached skill level 5 in Hexes
  2313 | D:3      | Noticed Robin
  2818 | D:3      | Reached XP level 5. HP: 25/35 MP: 2/8
  2913 | D:3      | Learned a level 3 spell: Confusing Touch
  3142 | D:3      | Found a burning altar of Makhleb.
  3155 | D:3      | Reached * piety under Dithmenos
  3284 | D:3      | Killed Robin
  3608 | D:4      | Reached skill level 1 in Fighting
  3700 | D:4      | Reached skill level 6 in Stealth
  3730 | D:4      | Noticed Menkaure
  3733 | D:4      | Killed Menkaure
  3733 | D:4      | Reached XP level 6. HP: 43/43 MP: 9/9
  3858 | D:4      | Found a glowing golden altar of the Shining One.
  3862 | D:4      | Found an ornate altar of the Wu Jian Council.
  3952 | D:4      | Found a staircase to the Ecumenical Temple.
  4470 | D:5      | Entered Level 5 of the Dungeon
  4540 | D:5      | Found a shadowy altar of Dithmenos.
  4542 | D:5      | Reached skill level 5 in Short Blades
  4542 | D:5      | Reached XP level 7. HP: 49/49 MP: 10/10
  4811 | D:5      | Reached ** piety under Dithmenos
  4811 | D:5      | Reached skill level 7 in Stealth
  4832 | D:5      | HP: 2/50 [white imp/puff of frost (4)]
  4834 | D:5      | Slain by a white imp

Illustrated notes

Levels and vault maps discovered:
D:1:      nzn_arrival_depleted_hourglass, layout_loops_ring
D:2:      layout_loops_ring, xom_redecorated
D:3:      layout_loops_ring, lemuel_doored_altar, minitemple,
          cheibrodos_sewer_entry_bend, uniq_robin
D:4:      layout_gridville, grunt_temple_overflow_open,
          minmay_temple_entry_mini_moons, uniq_menkaure
D:5:      layout_basic, lemuel_coloured_pillars_altar, basic_altar,
          nicolae_dithmenos_shadow_blocks, uniq_crazy_yiuf_cottage

Skill      XL: |  1  2  3  4  5  6  7 |
---------------+----------------------+-----
Short Blades   | 2 3 4 5 |  5.4
Stealth        | 5 6 7 |  7.0
Ice Magic      | 1 |  1.0
Hexes          | 5 6 |  6.7
Dodging        | 3 |  3.1
Fighting       | 1 2 |  2.2
Spellcasting   | |  2.2

Action                   |  1- 3 |  4- 6 |  7- 9 || total
-------------------------+-------+-------+-------++-------
Melee: Dagger            |    69 |   156 |    65 ||   290
       Bite              |     5 |    10 |     4 ||    19
 Cast: Corona            |     1 |       |       ||     1
       Ensorcelled Hiber |    15 |    39 |    13 ||    67
       Confusing Touch   |       |     1 |     2 ||     3
 Abil: Revivify          |     2 |       |       ||     2
       Exsanguinate      |     1 |       |       ||     1
  Use: Scroll            |       |     8 |       ||     8
 Stab: Sleeping          |    18 |    40 |     5 ||    63
       Confused          |       |     1 |       ||     1
Armor: Robe              |    10 |    23 |     7 ||    40
Dodge: Dodged            |    50 |    94 |    41 ||   185

Table legend: (Time is in decaauts)
 A = Elapsed time spent in this place.
 B = Non-inter-level travel time spent in this place.
 C = Inter-level travel time spent in this place.
 D = Time resting spent in this place.
 E = Time spent auto-exploring this place.
 F = Levels seen in this place.
 G = Mean time per level.
                   A        B        C        D        E       F      G
               +--------+--------+--------+--------+--------+-----+--------+
         Total |   4793 |   4638 |    155 |   1354 |   2318 |   5 |  958.6 |
       Dungeon |   4793 |   4638 |    155 |   1354 |   2318 |   5 |  958.6 |
               +--------+--------+--------+--------+--------+-----+--------+

Top non-repeatable levels by time:
     D:3: 1386 daAuts
     D:2: 1096 daAuts
     D:1: 1078 daAuts
     D:4: 888 daAuts
     D:5: 343 daAuts
